 Dungeon Crawl Stone Soup version 0.30-a0-311-gf115ab0292 (webtiles) character file.

Game seed: 7422050406856756449

3176 Sobieck the Basher (level 9, -8/118 HPs)
             Began as an Armataur Fighter on Oct 25, 2022.
             Was an Initiate of Yredelemnul.
             Mangled by an orc warrior
             ... wielding a +0 battleaxe
              (23 damage)
             ... in a bailey.
             The game lasted 00:24:46 (8420 turns).

Sobieck the Basher (Armataur Fighter)               Turns: 8420, Time: 00:24:46

Health: -8/118     AC: 13    Str: 32    XL:     9   Next: 63%
Magic:  11/11      EV:  7    Int:  9    God:    Yredelemnul [......]
Gold:   729        SH:  5    Dex:  9    Spells: 8/8 levels left

rFire   . . .      SeeInvis .    a - +1 flail {mace}
rCold   . . .      Faith    .    c - +0 buckler
rNeg    . . .      Spirit   .    t - +1 chain mail {Will+}
rPois   .          Reflect  .    U - +0 helmet
rElec   .          Harm     .    D - +1 cloak
rCorr   .          Roll     +    (no gloves)
Will    +....                    (no barding)
Stlth   ..........               (no amulet)
HPRegen 0.39/turn                j - +6 ring of strength
MPRegen 0.12/turn                (no ring)

@: berserking, slowed
A: large, rugged brown scales 3, deformed body, armoured tail, roll, long
tongue, awkward tongue
a: Renounce Religion, Recall Undead Harvest


You were in a bailey.
You worshipped Yredelemnul.
Yredelemnul was noncommittal.
You visited 2 branches of the dungeon, and saw 8 of its levels.
You also visited: Sewer and Bailey.

You collected 729 gold pieces.


Innate Abilities, Weirdness & Mutations

You are completely covered in rugged brown scales. (AC +3, +7% HP)
Armour fits poorly on your strangely shaped body.
You have a long armoured tail.
You roll when moving toward enemies. (Rampage)
Your long tongue fully drains potion bottles. (2x potion effects)
Your tongue gives you trouble enunciating. (1.5x scroll delay)


   Skills:
 + Level 5.4 Fighting
 + Level 8.2 Maces & Flails
 + Level 6.5 Armour
 + Level 3.4 Dodging
 + Level 6.5 Shields
 * Level 2.9 Invocations


You had 8 spell levels left.
You didn't know any spells.
Your spell library contained the following spells:

 Spells                   Type           Power      Damage    Failure   Level
 Apportation              Tloc           0%         N/A       90%         1
 Necrotise                Necr           0%         1d4       90%         1
 Summon Small Mammal      Summ           0%         N/A       90%         1
 Cigotuvi's Dreadful Rot  Necr/Pois/Air  0%         N/A       97%         2
 Poisonous Vapours        Pois/Air       0%         N/A       97%         2
 Sublimation of Blood     Necr           0%         N/A       97%         2
 Wereblood                Tmut           0%         N/A       97%         2
 Gell's Gravitas          Tloc           0%         N/A       99%         3
 Ignite Poison            Fire/Tmut/Pois 0%         N/A       99%         3
 Kindle Blastsparks       Fire/Tloc/Air  0%         2d10      99%         3
 Lesser Beckoning         Tloc           0%         N/A       99%         3
 Mephitic Cloud           Conj/Pois/Air  0%         N/A       99%         3
 Portal Projectile        Hex/Tloc       0%         N/A       99%         3
 Teleport Other           Tloc           0%         N/A       99%         3
 Tukima's Dance           Hex            0%         N/A       99%         3
 Blade Hands              Tmut           0%         N/A       100%        5
 Freezing Cloud           Conj/Ice/Air   0%         6-21      100%        5
 Summon Hydra             Summ           0%         N/A       100%        7

Inventory:

Hand Weapons
 a - a +1 flail (weapon) {mace}
 b - a +1 war axe of flaming {axe}
   (You took it off an orc on level 6 of the Dungeon)
Missiles
 d - 5 curare-tipped darts {=fthrowing}
 l - 27 boomerangs (quivered) {throwing}
 o - 72 stones {throwing}
 v - a throwing net {=f!fthrowing}
 B - 4 atropa-tipped darts {throwing}
 C - 11 poisoned darts {throwing}
Armour
 c - a +0 buckler (worn)
 k - a +0 scale mail
   (You found it on level 1 of the Dungeon)
 n - a +0 scale mail
   (You found it on level 4 of the Dungeon)
 q - a +0 leather armour
   (You found it on level 1 of the Dungeon)
 r - a scarf of invisibility
   (You found it on level 2 of the Dungeon)
 s - the +1 ring mail of Hedge Wizardry {Rampage rC+ Int+4 Dex-5}
   (You found it on level 2 of the Dungeon)

   Int:       It affects your intelligence (+4).
   Dex:       It affects your dexterity (-5).
   rC:        It protects you from cold.
   Rampage:   It bestows one free step when moving towards enemies.
 t - a +1 chain mail of willpower (worn)
   (You found it on level 2 of the Dungeon)
 w - a +0 leather armour
   (You found it on level 4 of the Dungeon)
 z - a +0 leather armour
   (You found it on level 3 of the Dungeon)
 D - a +1 cloak (worn)
   (You found it on level 3 of the Dungeon)
 F - a +0 leather armour
   (You found it on level 3 of the Dungeon)
 G - a +0 leather armour
   (You took it off an orc on level 3 of the Dungeon)
 H - a +0 robe
   (You took it off a gnoll bouda on level 3 of the Dungeon)
 J - a +0 leather armour
   (You took it off an orc on level 3 of the Dungeon)
 K - a +0 leather armour
   (You took it off an orc on level 3 of the Dungeon)
 M - a +0 robe
   (You took it off an orc wizard on level 3 of the Dungeon)
 P - a +0 robe
   (You found it on level 4 of the Dungeon)
 Q - a +0 robe
   (You took it off an orc wizard on level 3 of the Dungeon)
 R - a +0 robe
   (You found it on level 4 of the Dungeon)
 T - a +0 robe
   (You took it off an orc wizard on level 4 of the Dungeon)
 U - a +0 helmet (worn)
   (You found it on level 4 of the Dungeon)
 V - a +0 chain mail
   (You took it off an orc on level 5 of the Dungeon)
 Z - a +0 chain mail
   (You found it on level 5 of the Dungeon)
Jewellery
 j - a +6 ring of strength (left hand)
   (You found it on level 1 of the Dungeon)
 L - an amulet of guardian spirit
   (You found it on level 3 of the Dungeon)
 N - a ring of wizardry
   (You found it on level 4 of the Dungeon)
Wands
 O - a wand of digging (5)
   (You found it on level 4 of the Dungeon)
Scrolls
 e - 5 scrolls of noise {!r}
 f - a scroll of fear
 g - 2 scrolls of teleportation {@r4}
 y - a scroll of enchant weapon
 I - 2 scrolls of blinking {!r}
 W - a scroll of poison {!r}
Potions
 h - a potion of ambrosia {unknown}
 i - 2 potions of berserk rage {!q}
 m - 2 potions of curing {@q1}
 p - 4 potions of heal wounds {@q2}
 u - a potion of haste {unknown}
 x - a potion of cancellation {unknown}
 A - 2 potions of attraction {!q}
 E - a potion of flight {unknown}
 S - 2 potions of lignification {!q}
 X - a potion of invisibility {unknown}
 Y - a potion of magic {unknown}

Dungeon Overview and Level Annotations

Branches:
Dungeon (7/15) Zot: 26508  Temple (1/1) D:5 Zot: 5780   Sewer (visited)
 Bailey (1/1) Zot: 5728

Altars:
Ashenzari
Cheibriados
Dithmenos
Elyvilon
Fedhas
Gozag
Hepliaklqana
Nemelex Xobeh
Okawaru
Qazlal
Sif Muna
Trog
Uskayaw
Vehumet
Wu Jian
Xom
Yredelemnul
Zin
The Shining One

Annotations:
D:3 1 runed translucent door, Crazy Yiuf

#...# ###'###
##.....##
#...8...#
#∩.....∩#
##.....##
####'KK####
##~.KKoo..~##
##~~..o@K..~~##
...~~..oo...~~...
###~~.......~~###
..~~.......~~..
###~~.......~~###
..~~.......~~..
##~~.......~~##
..~~.......~~..
##~~.......~~##


You could see an orc knight, 4 orc warriors and 5 kobold brigands.


Message History

The kobold brigand throws a curare-tipped dart.
The curare-tipped dart hits your kobold zombie.
Your kobold zombie barely misses the kobold brigand.
The kobold brigand barely misses your kobold brigand zombie.
Unknown command.
You feel very sick.
Your kobold brigand zombie hits the kobold brigand.
Something barely misses your kobold brigand zombie.
The kobold brigand throws a poisoned dart.
The poisoned dart hits your kobold brigand zombie.
Your kobold zombie hits the orc warrior but does no damage.
You feel very sick.
The kobold brigand throws a curare-tipped dart.
The curare-tipped dart hits you.
You are more poisoned.
You have difficulty breathing.
* * * LOW HITPOINT WARNING * * *
You feel as though you will be slow longer.
Something hits your kobold brigand zombie!
Your kobold brigand zombie is destroyed!
Your kobold zombie barely misses the orc knight.
There is an open gate here.
You feel extremely sick.
Your kobold zombie barely misses the orc knight.
The orc knight hits your kobold zombie with a +0 war axe!!
Your kobold zombie is destroyed!
You feel very sick.
Unknown command.
You slurp down every last drop of the 3 potions of curing {@q1}!
You feel better.
The orc warrior no longer looks unusually strong.
Unknown command.
Unknown command.
You slurp down every last drop of the 5 potions of heal wounds {@q2}!
You feel much better.
The kobold brigand hits you with a +0 war axe.
The kobold brigand hits you but does no damage.
Unknown command.
Really quaff
i - 3 potions of berserk rage {!q}?
You slurp down every last drop of the 3 potions of berserk rage {!q}!
A red film seems to cover your vision as you go berserk!
You feel yourself moving faster!
You feel mighty!
The orc warrior no longer looks unusually strong.
The kobold brigand hits you with a +0 war axe.
Unknown command.
You barely miss the kobold brigand.
The orc knight roars a battlecry!
The orc warriors go into a battle-frenzy!
The kobold brigand closely misses you.
Unknown command.
You sock the orc knight!
The orc knight hits you with a +0 war axe!
The kobold brigand hits you with a +0 war axe.
The orc warrior hits you but does no damage.
Unknown command.
You bludgeon the orc warrior!!
The orc warrior no longer looks unusually strong.
The kobold brigand hits you but does no damage.
The orc warrior hits you with a +0 war axe.
Unknown command.
You closely miss the orc warrior.
Your tail-slap misses the orc warrior.
The orc knight barely misses you.
The orc warrior hits you with a +0 war axe!
The kobold brigand hits you but does no damage.
Unknown command.
You sock the orc knight! The orc knight closely misses you.
The kobold brigand hits you with a +0 war axe.
* * * LOW HITPOINT WARNING * * *
The orc warrior hits you with a +0 war axe!
* * * LOW HITPOINT WARNING * * *
The kobold brigand barely misses you. The orc warrior barely misses you.
Unknown command.
You bludgeon the orc knight!!
Your tail-slap misses the orc knight.
The orc knight roars a battlecry!
The orc warrior goes into a battle-frenzy!
The kobold brigand hits you with a +0 war axe.
* * * LOW HITPOINT WARNING * * *
The orc warrior closely misses you. The kobold brigand barely misses you.
You block the orc warrior's attack.
Unknown command.
You closely miss the orc knight. The orc knight barely misses you.
The kobold brigand hits you with a +0 war axe!
* * * LOW HITPOINT WARNING * * *
The orc warrior hits you with a +0 war axe!
* * * LOW HITPOINT WARNING * * *
The kobold brigand hits you but does no damage.
You block the orc warrior's attack.
Unknown command.
You sock the orc knight!
The kobold brigand hits you but does no damage.
The orc warrior hits you with a +0 war axe!
* * * LOW HITPOINT WARNING * * *
You block the kobold brigand's attack.
The orc warrior hits you but does no damage.
Unknown command.
Unknown command.
You barely miss the orc knight.
The orc warrior hits you with a +0 battleaxe!!
You die...
Your body rises from the dead as a mindless zombie.

Skill      XL: |  1  2  3  4  5  6  7  8  9 |
---------------+----------------------------+-----
Maces & Flails | 2 3 4 7 8 |  8.2
Armour         | 4 5 6 |  6.5
Fighting       | 3 4 5 |  5.4
Dodging        | 1 2 3 |  3.4
Shields        | 4 5 6 |  6.5
Invocations    | 2 |  2.9

Action                   |  1- 3 |  4- 6 |  7- 9 || total
-------------------------+-------+-------+-------++-------
Melee: Flail             |    99 |   272 |   335 ||   706
       Tailslap          |     8 |    24 |    43 ||    75
Throw: Boomerang         |       |     2 |     7 ||     9
Invok: Recall Undead Har |       |       |     2 ||     2
  Use: Scroll            |       |     8 |     5 ||    13
       Potion            |       |       |     8 ||     8
Armor: Scale mail        |    67 |   145 |    15 ||   227
       Chain mail        |       |       |   282 ||   282
Dodge: Dodged            |    46 |   100 |   158 ||   304
Block: Buckler           |    19 |    68 |   116 ||   203

Levels and vault maps discovered:
D:1:      minmay_arrival_shoal_huts, layout_loops_ring, nicolae_eternal_life,
          supply_closet_lemuel
D:2:      minmay_angry_zag, layout_basic,
          shapermc_ecumenical_altar_mp_urbaneastern, minmay_misc_feat_rows,
          minmay_ruptured
D:3:      layout_loops_corners, mainiacjoe_overflow_catwalk,
          cheibrodos_sewer_entry_bend, small_statue_intersection,
          uniq_crazy_yiuf_cottage
D:4:      layout_layer_cave, cheibrodos_ashenzari_chains,
          mainiacjoe_overflow_alcove_2, lemuel_round_altar
D:5:      layout_rooms, temple_fountains
D:6:      layout_gridville, uniq_blork_the_orc
D:7:      layout_rooms, enter_bailey_8, grunt_decor_clamped,
          dreamdust_gnoll_shepherd
Temple:   regret_index_temple_generic_petals
Bailey:   bailey_axe_3, bailey

Notes
Turn   | Place    | Note
-------+----------+-------------------------------------------
     0 | D:1      | Sobieck the Armataur Fighter began the quest for the Orb.
     0 | D:1      | Reached XP level 1. HP: 19/19 MP: 1/1
    10 | D:1      | You pick up a book of Cantrips and begin reading...
    10 | D:1      | You add the spells Necrotise, Summon Small Mammal and
                  | Apportation to your library.
   153 | D:1      | Reached skill level 2 in Maces & Flails
   352 | D:1      | Reached XP level 2. HP: 25/26 MP: 2/2
   845 | D:2      | Reached skill level 4 in Armour
   845 | D:2      | Reached XP level 3. HP: 30/32 MP: 3/3
   942 | D:2      | Identified the +1 ring mail of Hedge Wizardry {Rampage rC+
                  | Int+4 Dex-5}
   961 | D:2      | Reached skill level 3 in Fighting
  1171 | D:2      | Reached skill level 1 in Dodging
  1171 | D:2      | Reached XP level 4. HP: 16/40 MP: 4/4
  1325 | D:2      | You add the spells Kindle Blastsparks, Ignite Poison and
                  | Freezing Cloud to your library.
  1520 | D:2      | Found a faded altar of an unknown god.
  1924 | D:2      | Reached skill level 4 in Shields
  2173 | D:3      | Found a sparkling altar of Nemelex Xobeh.
  2226 | D:3      | Found a runed translucent door.
  2227 | D:3      | Noticed Crazy Yiuf
  2403 | D:3      | You pick up a book of Vapours and begin reading...
  2403 | D:3      | You add the spells Poisonous Vapours, Cigotuvi's Dreadful
                  | Rot and Mephitic Cloud to your library.
  2554 | D:3      | Reached XP level 5. HP: 43/48 MP: 5/5
  2725 | D:3      | Found a glowing drain.
  2742 | Sewer    | Entered a sewer
  3012 | Sewer    | Reached skill level 3 in Maces & Flails
  3208 | D:3      | You pick up a book of Blood and begin reading...
  3208 | D:3      | You add the spells Sublimation of Blood, Wereblood and
                  | Summon Hydra to your library.
  3245 | D:3      | Reached XP level 6. HP: 42/54 MP: 6/6
  3883 | D:3      | Reached skill level 5 in Armour
  3976 | D:4      | Reached skill level 2 in Dodging
  4625 | D:4      | You pick up a book of Displacement and begin reading...
  4625 | D:4      | You add the spells Lesser Beckoning, Gell's Gravitas and
                  | Teleport Other to your library.
  4710 | D:4      | Found a broken altar of Ashenzari.
  4734 | D:4      | Reached skill level 4 in Maces & Flails
  4734 | D:4      | Reached XP level 7. HP: 35/62 MP: 7/7
  4968 | D:4      | Reached skill level 4 in Fighting
  5349 | D:4      | Found an iron altar of Okawaru.
  5402 | D:4      | Found a snail-covered altar of Cheibriados.
  5429 | D:5      | Entered Level 5 of the Dungeon
  5616 | D:4      | Reached skill level 5 in Shields
  5927 | D:5      | Found a staircase to the Ecumenical Temple.
  5936 | Temple   | Entered the Ecumenical Temple
  6127 | Temple   | Became a worshipper of Yredelemnul the Dark
  6259 | D:5      | Reached XP level 8. HP: 71/71 MP: 8/8
  6492 | D:5      | Reached skill level 5 in Maces & Flails
  6492 | D:5      | Reached skill level 6 in Armour
  6577 | D:6      | Reached * piety under Yredelemnul
  6585 | D:6      | Reached skill level 3 in Dodging
  6645 | D:6      | HP: 8/71 [orc priest/divine providence (12)]
  6652 | D:5      | HP: 8/71 [orc/+0 club (3)]
  6683 | D:6      | Reached skill level 6 in Shields
  6825 | D:6      | Reached skill level 5 in Fighting
  6825 | D:6      | Reached skill level 6 in Maces & Flails
  6900 | D:6      | Noticed Blork the orc
  6907 | D:6      | Killed Blork the orc
  7118 | D:6      | Reached skill level 7 in Maces & Flails
  7118 | D:6      | Reached ** piety under Yredelemnul
  7231 | D:6      | You pick up a book of Weapons and begin reading...
  7231 | D:6      | You add the spells Tukima's Dance, Portal Projectile and
                  | Blade Hands to your library.
  7360 | D:6      | Reached XP level 9. HP: 78/79 MP: 6/9
  7783 | D:6      | Reached skill level 8 in Maces & Flails
  7920 | D:6      | Reached skill level 1 in Invocations
  8070 | D:7      | Reached skill level 2 in Invocations
  8139 | D:7      | Found a flagged portal.
  8166 | Bailey   | Entered a bailey
  8399 | Bailey   | Noticed an orc knight
  8400 | Bailey   | Found an iron altar of Okawaru.
  8408 | Bailey   | HP: 18/79 [poisoned by a kobold brigand (curare-tipped
                  | dart)]
  8418 | Bailey   | HP: 26/118 [orc warrior/+0 war axe (12)]
  8420 | Bailey   | Mangled by an orc warrior

Vanquished Creatures
  2 yaks
  2 steam dragons
  2 orc warriors
  2 ice beasts
  A black bear (D:5)
  2 ogres
  A centaur (D:6)
  A phantom (D:6)
  3 kobold brigands (Bailey)
  2 bullfrogs
  A necrophage (D:6)
  Blork the orc (D:6)
  3 scorpions
  A howler monkey (D:7)
  A jelly (D:6)
  3 orc priests
  3 hounds (D:4)
  2 gnoll boudas
  4 iguanas
  7 orc wizards
  7 gnolls
  12 adders
  3 white imps
  3 worms (D:3)
  4 dart slugs
  28 orcs
  15 ball pythons
  7 bats
  8 endoplasms
  4 giant cockroaches
  11 goblins
  5 hobgoblins
  4 jackals (D:4)
  14 quokkas
  10 frilled lizards
  15 kobolds
  7 rats
201 creatures vanquished.

Vanquished Creatures (collateral kills)
  A yak (D:6)
  An ice beast (D:7)
  A shadow imp (D:6)
  An orc (D:7)
  A kobold (Bailey)
5 creatures vanquished.

Vanquished Creatures (others)
  An ogre zombie (D:6)
  A steam dragon zombie (D:7)
  5 kobold zombies (Bailey)
  2 orc zombies
  A fungus (D:2)
  A plant (D:2)
11 creatures vanquished.

Grand Total: 217 creatures vanquished

Table legend:
 A = Non-vault XP
 B = Vault XP
 C = Vault XP percentage of total XP
 D = Non-vault monster count
 E = Vault monster count
 F = Vault count percentage of total count
                 A         B        C        D         E       F
            +---------+---------+-------+---------+---------+-------
      Total |    3260 |    1278 |  28.2 |     146 |      60 |  29.1
            +---------+---------+-------+---------+---------+-------
        D:1 |      38 |       0 |   0.0 |      19 |       0 |   0.0
        D:2 |      62 |      66 |  51.6 |      20 |       9 |  31.0
        D:3 |     232 |       5 |   2.1 |      25 |       1 |   3.8
        D:4 |     621 |       0 |   0.0 |      33 |       0 |   0.0
        D:5 |     456 |       0 |   0.0 |      10 |       0 |   0.0
        D:6 |    1281 |     531 |  29.3 |      25 |       4 |  13.8
        D:7 |     570 |     206 |  26.5 |      14 |       1 |   6.7
      Sewer |       0 |     158 | 100.0 |       0 |      31 | 100.0
     Bailey |       0 |     312 | 100.0 |       0 |      14 | 100.0
            +---------+---------+-------+---------+---------+-------

Illustrated notes

Table legend:
 A = Kills in this place as a percentage of kills in entire the game.
 B = Kills by you in this place as a percentage of kills by you in the entire game.
 C = Kills by friends in this place as a percentage of kills by friends in the entire game.
 D = Other kills in this place as a percentage of other kills in the entire game.
 E = Experience gained in this place as a percentage of experience gained in the entire game.
 F = Experience gained in this place divided by the number of levels of this place that you have seen.
                   A       B       C       D       E      F
               +-------+-------+-------+-------+-------+----------------------
         Total | 100.0 | 100.0 | 100.0 |   N/A | 100.0 | 453.8
       Dungeon |  78.2 |  78.1 |  80.0 |   N/A |  89.6 | 581.1
         Sewer |  15.0 |  15.4 |   0.0 |   N/A |   3.5 | 158.0
        Bailey |   6.8 |   6.5 |  20.0 |   N/A |   6.9 | 312.0
               +-------+-------+-------+-------+-------+----------------------

Table legend: (Time is in decaauts)
 A = Elapsed time spent in this place.
 B = Non-inter-level travel time spent in this place.
 C = Inter-level travel time spent in this place.
 D = Time resting spent in this place.
 E = Time spent auto-exploring this place.
 F = Levels seen in this place.
 G = Mean time per level.
                   A        B        C        D        E       F      G
               +--------+--------+--------+--------+--------+-----+--------+
         Total |   8674 |   8397 |    277 |   1035 |   5224 |  10 |  867.4 |
       Dungeon |   7783 |   7534 |    249 |    862 |   4962 |   7 | 1111.9 |
        Temple |    219 |    191 |     28 |      0 |    181 |   1 |  219.0 |
         Sewer |    401 |    401 |      0 |     32 |     80 |   1 |  401.0 |
        Bailey |    270 |    270 |      0 |    141 |      0 |   1 |  270.0 |
               +--------+--------+--------+--------+--------+-----+--------+

Top non-repeatable levels by time:
     D:4: 1838 daAuts
     D:6: 1481 daAuts
     D:3: 1401 daAuts
     D:2: 1357 daAuts
     D:1: 863 daAuts
     D:5: 618 daAuts
   Sewer: 401 daAuts
  Bailey: 270 daAuts
     D:7: 223 daAuts
  Temple: 219 daAuts
